 Dungeon Crawl Stone Soup version 0.29.0-4-gdea44cf6ec (webtiles) character file.

Game seed: 13926389158388568791

4 qw the Caller (level 1, -1/14 HPs)
             Began as a Ghoul Summoner on Sept 9, 2022.
             Slain by a kobold
             ... wielding a +0 short sword
              (2 damage)
             ... on level 1 of the Dungeon.
             The game lasted 00:00:08 (429 turns).

qw the Caller (Ghoul Summoner)                       Turns: 429, Time: 00:00:09

Health: -1/14      AC:  2    Str: 11    XL:     1   Next: 70%
Magic:  0/2        EV: 12    Int: 10    God:
Gold:   48         SH:  0    Dex:  9    Spells: 2/3 levels left

rFire   . . .      SeeInvis .   d - +0 dagger
rCold   + . .      Faith    .   (no shield)
rNeg    + + +      Spirit   .   a - +0 robe
rPois   inf        Reflect  .   (no helmet)
rElec   .          Harm     .   (no cloak)
rCorr   .          Rampage  .   (no gloves)
Will    .....                   (no boots)
Stlth   ++........              (no amulet)
HPRegen 0.00/turn               (no ring)
MPRegen 0.08/turn               (no ring)

@: inhibited regen
A: claws 1, cold resistance 1, negative energy resistance 3, inhibited
regeneration, torment resistance 2, devour on kill
a: no special abilities


You were on level 1 of the Dungeon.
You visited 1 branch of the dungeon, and saw 1 of its levels.

You collected 48 gold pieces.


Innate Abilities, Weirdness & Mutations

You are immune to poison.
You have sharp fingernails.
Your flesh is cold resistant. (rC+)
You are immune to negative energy. (rN+++)
You do not regenerate when monsters are visible.
You are immune to unholy pain and torment.
You thrive by killing the living.


   Skills:
 + Level 0.0 Fighting
 - Level 1.0 Axes
 - Level 1.7 Dodging
 - Level 2.1 Stealth
 - Level 1.7 Spellcasting
 - Level 3.6 Summonings


You had 2 spell levels left.
You knew the following spells:

 Your Spells              Type           Power      Damage    Failure   Level
a - Summon Small Mammal   Summ           32%        N/A       8%          1

Your spell library contained the following spells:

 Spells                   Type           Power      Damage    Failure   Level
 Call Imp                 Summ           8%         N/A       11%         2
 Call Canine Familiar     Summ           8%         N/A       22%         3
 Summon Guardian Golem    Hex/Summ       4%         N/A       43%         3
 Summon Lightning Spire   Summ/Air       4%         N/A       83%         4

Inventory:

Hand Weapons
 d - a +0 dagger (weapon)
Missiles
 e - 4 javelins (quivered)
Armour
 a - a +0 robe (worn)
Scrolls
 c - a scroll of identify {unknown}
Potions
 b - a potion of magic

Dungeon Overview and Level Annotations

Branches:
Dungeon (1/15)

Altars:


Message History

Your bat hits the jackal but does no damage.
The jackal bites you. The jackal bites your bat.
Your bat hits the jackal but does no damage.
The jackal completely misses your bat.
The jackal bites you but does no damage.
The kobold barely misses your bat.
You hit the jackal but do no damage. Your claw misses the jackal.
The jackal is moderately wounded.
Your bat hits the jackal but does no damage.
The jackal misses you. The kobold barely misses your bat.
You hit the jackal.
The jackal is heavily wounded.
Your bat closely misses the jackal.
The jackal barely misses you.
The jackal bites you but does no damage.
Your rat closely misses the jackal.
The jackal bites you. The jackal closely misses you.
You completely miss the jackal.
The jackal is heavily wounded.
Your bat hits the kobold but does no damage.
Your bat barely misses the kobold.
The jackal barely misses you. The jackal closely misses you.
Your rat bites the jackal.
The kobold hits your rat with a +0 short sword.
You barely miss the jackal.
The jackal is severely wounded.
Your bat barely misses the kobold.
The jackal misses you. The jackal barely misses you.
The kobold hits your rat with a +0 short sword.
Your rat dies!
Your rat's corpse disappears in a puff of smoke!
You hit the jackal but do no damage.
The jackal is severely wounded.
Your bat hits the jackal but does no damage.
The jackal misses you.
The jackal bites you but does no damage.
The jackal bites you. The jackal closely misses you.
You barely miss the jackal.
The jackal is severely wounded.
Your bat hits the jackal. The jackal barely misses you. x2
The kobold hits you with a +0 short sword.
You die...

##.......##
#.........#
#.........#
#.........#
#........>#
#.....%...#####
##............#
#..¤......###.##
#@K¤......# #.%###
#hh¤b.....# ##....
#S%.......# #####
.S...............
#
.......#.......#.#
.......##.....##.#
...:... ####### ..
....... ....(..


You could see 2 jackals, a ball python, a kobold and a friendly bat (summoned).

Vanquished Creatures
  A jackal (D:1)
  A kobold (D:1)
2 creatures vanquished.

Vanquished Creatures (collateral kills)
  A giant cockroach (D:1)
  A rat (D:1)
2 creatures vanquished.

Grand Total: 4 creatures vanquished

Notes
Turn   | Place    | Note
-------+----------+-------------------------------------------
     0 | D:1      | qw the Ghoul Summoner began the quest for the Orb.
     0 | D:1      | Reached XP level 1. HP: 14/14 MP: 2/2
     0 | D:1      | 0 ||| qw: Version: 0.1-a-113-g051387a
     0 | D:1      | 0 ||| qw: Game counter: 7211
     0 | D:1      | 0 ||| qw: Always use a shield: true
     0 | D:1      | 0 ||| qw: God list: Okawaru
     0 | D:1      | 0 ||| qw: Allow faded altars: false
     0 | D:1      | 0 ||| qw: Do Orc after D:15 true
     0 | D:1      | 0 ||| qw: Do second Lair branch before Depths: true
     0 | D:1      | 0 ||| qw: Lair rune preference: random
     0 | D:1      | 0 ||| qw: Plans: Normal
     0 | D:1      | 0 ||| PLANNING D:1-11
    64 | D:1      | 64 ||| CASTING Summon Small Mammal
    65 | D:1      | 65 ||| CASTING Summon Small Mammal
   265 | D:1      | 265 ||| Wielding weapon +0 dagger.
   273 | D:1      | 273 ||| CASTING Summon Small Mammal
   274 | D:1      | 274 ||| CASTING Summon Small Mammal
   286 | D:1      | 286 ||| CASTING Summon Small Mammal
   410 | D:1      | 410 ||| Stepping ~*~*~tactically~*~*~ (stealth).
   411 | D:1      | 411 ||| CASTING Summon Small Mammal
   412 | D:1      | 412 ||| CASTING Summon Small Mammal
   420 | D:1      | Reached skill level 1 in Axes
   421 | D:1      | 421 ||| Stepping ~*~*~tactically~*~*~ (outnumbered).
   423 | D:1      | 423 ||| CASTING Summon Small Mammal
   425 | D:1      | HP: 3/14 [jackal (1)]
   428 | D:1      | HP: 1/14 [jackal (2)]
   429 | D:1      | Slain by a kobold

Levels and vault maps discovered:
D:1:      dpeg_arrival_ratfight, layout_rooms, ebering_ecumenical_altar_box,
          minmay_splitting_lines

Skill      XL: |  1 |
---------------+----+-----
Axes           | 1 |  1.0
Dodging        | |  1.7
Stealth        | |  2.1
Spellcasting   | |  1.7
Summonings     | |  3.6

Action                   || total
-------------------------++-------
Melee: Dagger            ||    23
       Unarmed           ||     9
Throw: Javelin           ||     1
 Cast: Summon Small Mamm ||     8
Armor: Robe              ||    10
Dodge: Dodged            ||    24

Table legend:
 A = Non-vault XP
 B = Vault XP
 C = Vault XP percentage of total XP
 D = Non-vault monster count
 E = Vault monster count
 F = Vault count percentage of total count
                 A         B        C        D         E       F
            +---------+---------+-------+---------+---------+-------
      Total |       7 |       0 |   0.0 |       4 |       0 |   0.0
            +---------+---------+-------+---------+---------+-------
        D:1 |       7 |       0 |   0.0 |       4 |       0 |   0.0
            +---------+---------+-------+---------+---------+-------
